 Dungeon Crawl Stone Soup version 0.30-b1-2-g02819fbbbe (webtiles) character file.

Game seed: 11347033113365228341

286 raph the Digger (level 6, -1/33 HPs)
             Began as a Deep Elf Earth Elementalist on Jan 3, 2024.
             Was a Follower of Vehumet.
             Succumbed to a kobold brigand's curare-tipped dart
             ... on level 3 of the Dungeon.
             The game lasted 00:05:28 (3859 turns).

raph the Digger (Deep Elf Earth Elementalist)       Turns: 3859, Time: 00:05:29

Health: -1/33      AC:  5    Str:  5    XL:     6   Next: 8%
Magic:  7/13       EV: 13    Int: 28    God:    Vehumet [*.....]
Gold:   178        SH:  0    Dex: 21    Spells: 1/11 levels left

rFire   . . .        r - +1 dagger (holy)
rCold   + . .        (no shield)
rNeg    . . .        a - +0 robe
rPois   .            (no helmet)
rElec   .            t - +0 cloak
rCorr   .            (no gloves)
SInv    .            u - +1 pair of boots
Will    .....        (no amulet)
Stlth   +++          i - ring "Ytite" {Fly rC+ Int+6}
HPRegen 0.25/turn    j - +6 ring of dexterity
MPRegen 0.13/turn

%: no passive effects
@: lethally poisoned (-1 -> -28), flying, slowed, very slow
A: no striking features
a: Renounce Religion


You were on level 3 of the Dungeon.
You worshipped Vehumet.
Vehumet was aware of your devotion.
You visited 1 branch of the dungeon, and saw 3 of its levels.

You collected 178 gold pieces.

Inventory:

Hand Weapons
 m - a +1 short sword
 r - a +1 dagger of holy wrath (weapon)
Missiles
 e - 10 poisoned darts
 g - a throwing net
Armour
 a - a +0 robe (worn)
 l - a scarf of invisibility
 t - a +0 cloak (worn)
 u - a +1 pair of boots (worn)
Jewellery
 i - the ring "Ytite" (left hand) {Fly rC+ Int+6}
   (You found it on level 3 of the Dungeon)

   [ring of intelligence]

   Int:       It affects your intelligence (+6).
   rC:        It protects you from cold.
   Fly:       It grants you flight.
 j - a +6 ring of dexterity (right hand)
Scrolls
 c - 3 scrolls of teleportation
 h - a scroll of enchant weapon
 p - a scroll of poison
Potions
 b - a potion of magic
 d - 2 potions of mutation
 f - 5 potions of curing
 k - 2 potions of flight
 n - a potion of haste {unknown}
 o - a potion of berserk rage {unknown}
 q - a potion of degeneration {unknown}
 s - a potion of attraction
 x - a potion of lignification {unknown}


   Skills:
 + Level 0.8 Fighting
 + Level 2.8 Dodging
 + Level 3.0 Stealth
 + Level 3.4 Spellcasting
 * Level 1.5 Conjurations
 - Level 1.1 Transmutations
 * Level 6.6 Earth Magic


You had one spell level left.
You knew the following spells:

 Your Spells              Type           Power      Damage    Failure   Level
a - Sandblast             Erth           82%        2d17      1%          1
b - Passwall              Tmut/Erth      21%        N/A       2%          2
c - Stone Arrow           Conj/Erth      54%        3d10      4%          3
d - Petrify               Tmut/Erth      26%        N/A       16%         4

Your spell library contained the following spells:

 Spells                   Type           Power      Damage    Failure   Level
 Shock                    Conj/Air       36%        1d5       6%          1


Dungeon Overview and Level Annotations

Branches:
Dungeon (3/15)

Altars:
Ashenzari
Makhleb
Uskayaw
Vehumet

Annotations:
D:3 1 runed translucent door, Melkor's ghost, amateur AtFi


Message History

Aim: a kobold brigand, wielding a +0 dagger and quivering curare-tipped darts (poisoned, 55% to hit)
You throw a poisoned dart.
The poisoned dart hits the kobold brigand.
The kobold brigand looks even sicker.
You feel sick.
The kobold brigand throws a curare-tipped dart.
The curare-tipped dart barely misses you.
You feel sick.
A gnoll comes into view. It is wielding a +0 spear.
Casting: Sandblast (safe; 1% risk of failure)
Confirm with . or Enter, or press ? or * to list all spells.
Aiming: Stone Arrow (dangerous; 4% risk of failure)
Press: ? - help, Shift-Dir - straight line, f/p - kobold brigand
Aim: a kobold brigand, wielding a +0 dagger and quivering curare-tipped darts (lightly wounded, very poisoned, 64% to hit)
The stone arrow misses the kobold brigand.
The stone arrow hits the orc!!
You kill the orc!
Vehumet accepts your kill.
You feel sick.
You are no longer poisoned.
The kobold brigand throws a curare-tipped dart.
The curare-tipped dart hits you.
You are poisoned.
You have difficulty breathing.
You feel as though you will be slow longer.
The kobold brigand throws a curare-tipped dart.
The curare-tipped dart hits you.
You are lethally poisoned!
You have difficulty breathing.
* * * LOW HITPOINT WARNING * * *
You feel as though you will be slow longer.
Casting: Stone Arrow (dangerous; 4% risk of failure)
Confirm with . or Enter, or press ? or * to list all spells.
Aiming: Stone Arrow (dangerous; 4% risk of failure)
Press: ? - help, Shift-Dir - straight line, f/p - kobold brigand
Aim: a kobold brigand, wielding a +0 dagger and quivering curare-tipped darts (lightly wounded, very poisoned, 64% to hit)
The stone arrow hits the kobold brigand!
The kobold brigand is heavily wounded.
The orc shouts!
You die...

###.# #.# #.# #...# #.# #†#
########.######.###.#
#...................#
#.######.######.##### #########.#
##.######.########
....#.†)..#####................#
#.#.#.#####......)<.....######.##
...............)@................
~~~~~~~≈~~~....)≈~~~~~~~~≈~~~~~~≈
≈≈~≈≈~≈≈≈≈≈...)~≈≈≈~≈≈≈≈≈≈≈≈≈≈≈≈≈
~~~~≈≈~≈~~~..K.~~~≈≈[~~≈~~≈#####≈
............)..............#ggo#≈
###########'(''#############go.#≈
#((.g #'###≈ #(.o. ..#.~≈ #.~≈


You could see a kobold brigand (very poisoned), a gnoll and an orc.

Vanquished Creatures
  2 howler monkeys (D:3)
  A hound (D:3)
  An orc wizard (D:3)
  4 gnolls
  3 adders
  2 dart slugs
  9 orcs (D:3)
  3 bats
  3 endoplasms (D:1)
  4 giant cockroaches
  4 goblins
  3 hobgoblins
  19 jackals
  3 kobolds
  5 quokkas
  A ball python (D:2)
  2 frilled lizards
  8 rats
77 creatures vanquished.

Vanquished Creatures (others)
  10 fungi (D:3)
  11 plants (D:3)
21 creatures vanquished.

Grand Total: 98 creatures vanquished

Notes
Turn   | Place    | Note
-------+----------+-------------------------------------------
     0 | D:1      | raph the Deep Elf Earth Elementalist began the quest for
                  | the Orb.
     0 | D:1      | Reached XP level 1. HP: 10/10 MP: 6/6
   298 | D:1      | Reached XP level 2. HP: 15/15 MP: 6/8
   318 | D:1      | Learned a level 2 spell: Passwall
   343 | D:1      | Reached skill level 4 in Earth Magic
   762 | D:2      | Reached XP level 3. HP: 19/19 MP: 3/9
   822 | D:1      | Learned a level 3 spell: Stone Arrow
  1218 | D:2      | Reached skill level 5 in Earth Magic
  1884 | D:3      | Reached XP level 4. HP: 24/24 MP: 6/10
  2132 | D:3      | Found a hide-covered altar of Uskayaw.
  2132 | D:3      | Found a broken altar of Ashenzari.
  2133 | D:3      | Found a radiant altar of Vehumet.
  2139 | D:3      | Became a worshipper of Vehumet
  2148 | D:3      | Found a burning altar of Makhleb.
  2150 | D:3      | Found a runed translucent door.
  2155 | D:3      | Noticed Melkor's ghost (amateur AtFi)
  2158 | D:3      | Identified the ring "Ytite" {Fly rC+ Int+6}
  2716 | D:3      | Reached skill level 6 in Earth Magic
  2783 | D:3      | Found a faded altar of an unknown god.
  3255 | D:3      | Reached XP level 5. HP: 28/28 MP: 1/11
  3262 | D:3      | Reached * piety under Vehumet
  3262 | D:3      | Offered knowledge of Shock by Vehumet.
  3263 | D:3      | Reached skill level 1 in Conjurations
  3752 | D:3      | Reached XP level 6. HP: 30/33 MP: 8/13
  3789 | D:2      | Learned a level 4 spell: Petrify
  3859 | D:3      | Succumbed to a kobold brigand's curare-tipped dart

Illustrated notes

Levels and vault maps discovered:
D:1:      heliophobic_arrival_henge, layout_basic,
          nicolae_kite_square_tiling_tiny, minmay_misc_feat_more_columns,
          minivault_27
D:2:      layout_loops_ring
D:3:      lemuel_castle_with_subvaults [lemuel_castle_interior_carwin_3],
          layout_loops_ring, gammafunk_temple_overflow_claw, bloody_makhleb,
          ebering_ghost_reflecting_pool, shapermc_ecumenical_altar_hornbeckon,
          dreamdust_wishing_well, amcnicky_mini_pool_small

Skill      XL: |  1  2  3  4  5  6 |
---------------+-------------------+-----
Earth Magic    | 4 5 6 |  6.6
Conjurations   | 1 |  1.5
Stealth        | 3 |  3.0
Fighting       | |  0.8
Dodging        | |  2.8
Spellcasting   | |  3.4
Transmutations | |  1.1

Action                     |  1- 3 |  4- 6 || total
---------------------------+-------+-------++-------
  Throw: Dart              |       |     5 ||     5
   Cast: Sandblast         |    44 |    31 ||    75
         Stone Arrow       |     4 |    26 ||    30
    Use: Scroll            |    12 |     2 ||    14
 Armour: Robe              |     2 |     5 ||     7
  Dodge: Dodged            |    15 |    15 ||    30
